 Dungeon Sprint DCSS version 0.31-a0-986-g5e6e4ef867 (webtiles) character file.

Game seed: 2073073598980969242

712 fozzywoppz the Basher (level 7, -3/52 HPs)
             Began as a Gargoyle Fighter on Nov 6, 2023.
             Was a Follower of Okawaru.
             Slain by a tengu warrior
             ... wielding a +0 battleaxe
              (20 damage)
             ... in the Dungeon (Sprint IX: "|||||||||||||||||||||||||||||").
             The game lasted 00:02:47 (306 turns).

fozzywoppz the Basher (Gargoyle Fighter)             Turns: 306, Time: 00:02:48

Health: -3/52      AC: 15    Str: 23    XL:     7   Next: 68%
Magic:  6/7        EV: 11    Int:  8    God:    Okawaru [*.....]
Gold:   0          SH:  5    Dex: 11    Spells: 6/6 levels left

rFire   . . .        a - +0 flail
rCold   . . .        c - +0 buckler
rNeg    + . .        p - +1 scale mail
rPois   ∞            q - +0 helmet
rElec   +            (no cloak)
rCorr   .            (no gloves)
SInv    .            b - +0 pair of boots
Will    .....        (no amulet) Stlth
                     o - +3 ring of strength
HPRegen 0.28/turn    n - +2 ring of evasion
MPRegen 0.10/turn

%: no teleportation
@: hasted, very quick
A: sickness immunity, AC +4, negative energy resistance 1, electricity
resistance, torment resistance 1, petrification resistance
a: Renounce Religion, Heroism


You were in the Dungeon.
You worshipped Okawaru.
Okawaru was aware of your devotion.
You visited 1 branch

Inventory:

Hand Weapons
 a - a +0 flail (weapon)
 r - a +2 heavy morningstar
Missiles
 s - 4 poisoned darts
Armour
 b - a +0 pair of boots (worn)
 c - a +0 buckler (worn)
 p - a +1 scale mail (worn)
 q - a +0 helmet (worn)
 t - a +0 plate armour
Jewellery
 n - a +2 ring of evasion (right hand)
 o - a +3 ring of strength (left hand)
Wands
 m - a wand of acid (4)
Scrolls
 j - a scroll of blinking
 l - 2 scrolls of amnesia
Potions
 d - a potion of might
 e - 5 potions of curing
 f - a potion of invisibility
 h - 4 potions of magic
 i - a potion of berserk rage
 k - 2 potions of heal wounds


   Skills:
 + Level 10.0 Fighting
 + Level 13.1 Maces & Flails
 - Level 5.0 Armour
 + Level 0.0 Dodging
 - Level 5.0 Shields
 + Level 0.0 Invocations


You had 6 spell levels left.
You didn't know any spells.
Your spell library was empty.

Dungeon Overview and Level Annotations

Branches:
Dungeon (1/1)

Altars:
Cheibriados
Dithmenos
Elyvilon
Fedhas
Gozag
Hepliaklqana
Kikubaaqudgha
Makhleb
Nemelex Xobeh
Okawaru
Qazlal
Ru
Sif Muna
Trog
Uskayaw
Vehumet
Wu Jian
Xom
Yredelemnul
Zin
The Shining One
Jiyva
Lugonu


Innate Abilities, Weirdness & Mutations

You are immune to sickness and miasma.
Your stone body is resilient. (AC +4)
You are immune to poison.
You resist negative energy. (rN+)
You are resistant to electric shocks. (rElec)
You are resistant to unholy torment.
You are immune to petrification.


Message History

You block the wraith's attack.
The tengu warrior hits you with a +0 battleaxe.
The tengu warrior pecks you but does no damage.
The tengu warrior claws you but does no damage.
You hit the tengu warrior.
The tengu warrior is severely wounded.
Unknown command.
You closely miss the tengu warrior.
The tengu warrior is severely wounded.
The wraith misses you.
The tengu warrior hits you with a +0 battleaxe!
The tengu warrior closely misses you.
The tengu warrior claws you but does no damage.
Unknown command.
Blink to where?
Press: ? - help, Dir - move target
As you read the scroll of blinking, it crumbles to dust.
Aiming: Corrosive Bolt
Press: ? - help, Shift-Dir - straight line, f - manticore
Aim: a manticore (83% to hit)
The bolt of acid misses the tengu warrior.
The bolt of acid misses the wraith.
The bolt of acid hits the manticore!
The acid corrodes the manticore!
The manticore is moderately wounded.
You feel like a meek peon again.
Aiming: Corrosive Bolt
Press: ? - help, Shift-Dir - straight line, f - four-headed hydra, p - manticore
Aim: a four-headed hydra (90% to hit)
The bolt of acid hits the tengu warrior!
The acid corrodes the tengu warrior!
The tengu warrior is severely wounded.
The bolt of acid hits the wraith!
The acid corrodes the wraith!
The wraith is heavily damaged.
The bolt of acid hits the manticore!
The manticore seems to be corroded for longer.
The manticore is heavily wounded.
The bolt of acid hits the four-headed hydra!
The four-headed hydra is lightly wounded.
The tengu warrior hits you with a +0 battleaxe!!
You die... ▓▓▓▓▓▓▓▓▓▓▓▓▓▓▓▓▓▓▓▓▓▓▓▓▓▓▓ __'..)...[..))..@Q.WHDy.y.+ ▓▓▓▓▓▓▓▓▓▓▓▓▓▓▓▓▓▓▓▓▓▓▓▓▓▓▓

You could see a four-headed hydra, a tengu warrior (corroded), a manticore (corroded), a wraith (corroded) and a vampire mosquito.

Vanquished Creatures
  A wraith (D)
  A black bear (D)
  An orc warrior (D)
  A centaur (D)
  A kobold brigand (D)
  A gnoll sergeant (D)
  2 scorpions (D)
  An orc priest (D)
  An iguana (D)
  A dart slug (D)
  An endoplasm (D)
  2 hobgoblins (D)
  2 kobolds (D)
16 creatures vanquished.

Notes
Turn   | Place    | Note
-------+----------+-------------------------------------------
     0 | D        | fozzywoppz the Gargoyle Fighter began the quest for the
                  | Orb.
     0 | D        | Reached XP level 1. HP: 14/14 MP: 1/1
    18 | D        | Reached XP level 2. HP: 19/20 MP: 2/2
   122 | D        | Noticed a black bear
   122 | D        | Noticed a scorpion
   122 | D        | Noticed a scorpion
   129 | D        | Killed a black bear
   130 | D        | Reached skill level 5 in Maces & Flails
   130 | D        | Reached skill level 5 in Armour
   130 | D        | Reached skill level 5 in Shields
   130 | D        | Reached XP level 3. HP: 16/28 MP: 3/3
   130 | D        | Reached XP level 4. HP: 18/32 MP: 4/4
   131 | D        | Killed a scorpion
   132 | D        | Reached skill level 6 in Maces & Flails
   132 | D        | Reached XP level 5. HP: 23/39 MP: 5/5
   137 | D        | Reached skill level 7 in Maces & Flails
   149 | D        | HP: 2/40 [iguana (3)]
   152 | D        | Reached skill level 8 in Maces & Flails
   152 | D        | Reached XP level 6. HP: 32/46 MP: 6/6
   159 | D        | Found a snail-covered altar of Cheibriados.
   159 | D        | Found a shadowy altar of Dithmenos.
   159 | D        | Found a white marble altar of Elyvilon.
   159 | D        | Found a blossoming altar of Fedhas.
   159 | D        | Found an opulent altar of Gozag.
   160 | D        | Found a hazy altar of Hepliaklqana.
   161 | D        | Found a viscous altar of Jiyva.
   162 | D        | Found an ancient bone altar of Kikubaaqudgha.
   163 | D        | Found a corrupted altar of Lugonu.
   164 | D        | Found a burning altar of Makhleb.
   165 | D        | Found a sparkling altar of Nemelex Xobeh.
   166 | D        | Found an iron altar of Okawaru.
   167 | D        | Found a stormy altar of Qazlal.
   168 | D        | Found a sacrificial altar of Ru.
   169 | D        | Found a shimmering blue altar of Sif Muna.
   170 | D        | Found a bloodstained altar of Trog.
   171 | D        | Found a hide-covered altar of Uskayaw.
   172 | D        | Found a radiant altar of Vehumet.
   173 | D        | Found an ornate altar of the Wu Jian Council.
   174 | D        | Became a worshipper of Warmaster Okawaru
   175 | D        | Found a shimmering altar of Xom.
   176 | D        | Found a basalt altar of Yredelemnul.
   177 | D        | Found a glowing silver altar of Zin.
   178 | D        | Found a glowing golden altar of the Shining One.
   243 | D        | Noticed a wraith
   243 | D        | Noticed an orc warrior
   246 | D        | Reached skill level 10 in Fighting
   246 | D        | Reached skill level 9 in Maces & Flails
   247 | D        | Reached skill level 10 in Maces & Flails
   247 | D        | Reached XP level 7. HP: 47/52 MP: 7/7
   247 | D        | Reached * piety under Okawaru
   248 | D        | Reached skill level 11 in Maces & Flails
   250 | D        | Killed a wraith
   251 | D        | Reached skill level 12 in Maces & Flails
   254 | D        | Reached skill level 13 in Maces & Flails
   285 | D        | Noticed a tengu warrior
   285 | D        | Noticed a wraith
   285 | D        | Noticed a manticore
   285 | D        | Noticed a vampire mosquito
   285 | D        | Noticed a four-headed hydra
   285 | D        | Noticed a vampire mosquito
   306 | D        | Slain by a tengu warrior

Illustrated notes

Levels and vault maps discovered:
D:        linesprint [early_d, line_temple, items_1, d_10, items_2, lair_1,
          lair_end, items_3, orc_1, orc_end, items_4, d_15, swamp_1, shoals_1,
          snake_1, spider_1, d_20, vaults_1, items_5, swamp_end, shoals_end,
          snake_end, spider_end, vaults_end, d_27, items_6, zot_1, zot_end,
          crypt_end, forest_end, elf_end, slime_end, tomb_end, abyss_end,
          pan_hell_end]

Skill      XL: |  1  2  3  4  5  6  7 |
---------------+----------------------+-----
Fighting       | 6 7 9 10 | 10.0
Maces & Flails | 5 6 8 10 13 | 13.1
Armour         | 5 |  5.0
Shields        | 5 |  5.0

Action                     |  1- 3 |  4- 6 |  7- 9 || total
---------------------------+-------+-------+-------++-------
  Melee: Flail             |    19 |    22 |    21 ||    62
 Invoke: Heroism           |       |       |     1 ||     1
  Evoke: Wand              |       |     3 |     3 ||     6
    Use: Potion            |       |     1 |     1 ||     2
         Scroll            |       |       |     1 ||     1
 Armour: Scale mail        |    19 |    19 |    22 ||    60
  Dodge: Dodged            |    11 |     5 |     7 ||    23
  Block: Buckler           |     5 |     4 |     8 ||    17

Table legend: (Time is in decaauts)
 A = Elapsed time spent in this place.
 B = Non-inter-level travel time spent in this place.
 C = Inter-level travel time spent in this place.
 D = Time resting spent in this place.
 E = Time spent auto-exploring this place.
 F = Levels seen in this place.
 G = Mean time per level.
                   A        B        C        D        E       F      G
               +--------+--------+--------+--------+--------+-----+--------+
         Total |    300 |    300 |      0 |    100 |      0 |   1 |  300.0 |
       Dungeon |    300 |    300 |      0 |    100 |      0 |   1 |  300.0 |
               +--------+--------+--------+--------+--------+-----+--------+

Top non-repeatable levels by time:
       D: 300 daAuts
